 Dungeon Crawl Stone Soup version 0.28.0-45-g0d030f2227 (webtiles) character file.

Game seed: 12077757847299643693

30295 Ablot the Thaumaturge (level 13, -7/101 HPs)
             Began as a Gnoll Warper on Apr 9, 2022.
             Was an Elder of the Shining One.
             Mangled by a skeletal warrior
             ... wielding a +0 flail
             ... led by a skeletal warrior
              (19 damage)
             ... on level 15 of the Dungeon.
             The game lasted 00:48:28 (21047 turns).

Ablot the Thaumaturge (Gnoll Warper)               Turns: 21047, Time: 00:48:28

Health: -7/101     AC: 17    Str: 23    XL:     13   Next: 50%
Magic:  22/26      EV: 29    Int: 17    God:    the Shining One [****..]
Gold:   1345       SH:  6    Dex: 11    Spells: 5/31 levels left

rFire   + . .      SeeInvis .   a - +9 spear of Parsimonious Duty {flame, *Rage Will+++ Int+3}
rCold   . . .      Faith    .   K - +0 buckler
rNeg    + + +      Spirit   .   b - +1 leather armour of Lybb {Will++ Str+8}
rPois   .          Reflect  .   x - +2 helmet
rElec   .          Harm     .   l - +1 cloak
rCorr   .          Rampage  .   F - +0 pair of gloves
Will    +++++      Rage     20% E - +0 pair of boots
Stlth   ++........              Z - amulet "Qois" {Acrobat rF+ rN+}
HPRegen 0.26/turn               o - ring of wizardry
MPRegen 0.20/turn               r - +4 ring of protection

@: on berserk cooldown, acrobatic, slowed, glowing, very slow
A: fangs 1, strong nose, distributed training
a: Renounce Religion, Divine Shield, Cleansing Flame


You were on level 15 of the Dungeon.
You worshipped the Shining One.
The Shining One was greatly pleased with you.
You visited 2 branches of the dungeon, and saw 16 of its levels.
You also visited: Ossuary.

You collected 1481 gold pieces.
You spent 136 gold pieces at shops.

Inventory:

Hand Weapons
 a - the +9 spear of Parsimonious Duty (weapon) {flame, *Rage Will+++ Int+3}
   (You bought it in a shop on level 1 of the Dungeon)

   It burns those it strikes, dealing additional fire damage.
   Int:       It affects your intelligence (+3).
   *Rage:     It berserks you when you make melee attacks (+20% chance).
   Will:      It greatly increases your willpower.
 f - a +3 halberd of flaming
 k - the +6 trident of Disaster {vorpal, SInv}
   (You found it on level 13 of the Dungeon)

   It inflicts extra damage upon your enemies.
   SInv:      It lets you see invisible.
 s - a +3 hunting sling of freezing
 v - a +5 spear of venom
 w - a +2 spectral quarterstaff
Missiles
 d - 5 boomerangs of dispersal
 g - 21 poisoned darts (quivered)
 i - 498 stones
 p - 145 bolts
 u - 331 arrows
 I - 8 javelins
 J - a silver boomerang
 P - 48 sling bullets
 Q - 4 curare-tipped darts
Armour
 b - the +1 leather armour of Lybb (worn) {Will++ Str+8}
   (You found it on level 6 of the Dungeon)

   Str:       It affects your strength (+8).
   Will:      It greatly increases your willpower.
 l - a +1 cloak (worn)
 x - a +2 helmet (worn)
 E - a +0 pair of boots (worn)
 F - a +0 pair of gloves (worn)
 G - a +2 ring mail of cold resistance
 K - a +0 buckler (worn)
 U - +3 swamp dragon scales
Jewellery
 o - a ring of wizardry (left hand)
 r - a +4 ring of protection (right hand)
 R - a +6 ring of strength
 Y - a ring of flight
 Z - the amulet "Qois" (around neck) {Acrobat rF+ rN+}
   (You found it on level 10 of the Dungeon)

   [amulet of the acrobat]

   It increases your evasion while moving and waiting.
   rF:        It protects you from fire.
   rN:        It protects you from negative energy.
Wands
 D - a wand of mindburst (5)
 H - a wand of digging (3)
 V - a wand of polymorph (4)
 X - a wand of flame (39)
Scrolls
 c - a scroll of blinking
 e - 10 scrolls of teleportation
 h - a scroll of brand weapon {unknown}
 j - 2 scrolls of magic mapping
 t - a scroll of immolation
 y - 2 scrolls of vulnerability
 B - 2 scrolls of fog {unknown}
 L - 2 scrolls of fear {unknown}
 N - 2 scrolls of enchant weapon {unknown}
Potions
 m - 2 potions of lignification
 n - a potion of might
 q - 2 potions of attraction
 z - a potion of cancellation
 M - a potion of brilliance
 O - 4 potions of mutation
 S - 4 potions of curing
 T - 3 potions of magic
 W - 6 potions of haste


   Skills:
 + Level 9.6 Fighting
 + Level 8.3 Short Blades
 + Level 8.3 Long Blades
 + Level 8.3 Axes
 + Level 8.3 Maces & Flails
 + Level 9.6 Polearms
 + Level 8.3 Staves
 + Level 8.3 Slings
 + Level 8.3 Bows
 + Level 8.3 Crossbows
 + Level 8.8 Throwing
 + Level 8.8 Armour
 + Level 9.6 Dodging
 + Level 8.3 Stealth
 + Level 8.3 Shields
 + Level 8.3 Unarmed Combat
 + Level 9.8 Spellcasting
 + Level 6.9 Conjurations
 + Level 6.9 Hexes
 + Level 6.9 Summonings
 + Level 6.9 Necromancy
 + Level 8.9 Translocations
 + Level 6.9 Transmutations
 + Level 6.9 Fire Magic
 + Level 6.9 Ice Magic
 + Level 6.9 Air Magic
 + Level 6.9 Earth Magic
 + Level 6.9 Poison Magic
 + Level 9.1 Invocations
 + Level 8.3 Evocations


You had 5 spell levels left.
You knew the following spells:

 Your Spells              Type           Power      Damage    Failure   Level
a - Blink                 Tloc           76%        N/A       1%          2
b - Poisonous Vapours     Pois/Air       64%        N/A       1%          2
c - Gell's Gravitas       Tloc           38%        N/A       1%          3
d - Mephitic Cloud        Conj/Pois/Air  32%        N/A       1%          3
e - Ozocubu's Armour      Ice            32%        N/A       1%          3
f - Passwall              Tmut/Erth      26%        N/A       1%          2
g - Apportation           Tloc           76%        N/A       1%          1
h - Dazzling Flash        Conj/Hex       64%        N/A       1%          3
i - Conjure Flame         Conj/Fire      32%        6-21      1%          3
j - Summon Lightning Spi  Summ/Air       32%        N/A       2%          4

Your spell library contained the following spells:

 Spells                   Type           Power      Damage    Failure   Level
 Sandblast                Erth           64%        2d14      1%          1
 Corpse Rot               Necr/Air       64%        N/A       1%          2
 Ignite Poison            Fire/Tmut/Pois 32%        N/A       1%          3
 Lesser Beckoning         Tloc           38%        N/A       1%          3
 Stone Arrow              Conj/Erth      64%        3d11      1%          3
 Teleport Other           Tloc           38%        N/A       1%          3
 Iskenderun's Mystic Bla  Conj/Tloc      35%        2d8       1%          4
 Passage of Golubria      Tloc           38%        N/A       1%          4
 Animate Armour           Summ/Erth      64%        N/A       2%          4
 Animate Dead             Necr           16%        N/A       2%          4
 Fulminant Prism          Conj/Hex       16%        3d11      2%          4
 Sticky Flame             Conj/Fire      32%        2d5       2%          4
 Manifold Assault         Tloc           38%        N/A       3%          5
 Alistair's Intoxication  Tmut/Pois      21%        N/A       8%          5
 Borgnjor's Vile Clutch   Necr/Erth      16%        N/A       8%          5
 Fireball                 Conj/Fire      16%        3d8       8%          5
 Freezing Cloud           Conj/Ice/Air   16%        6-21      8%          5
 Lee's Rapid Deconstruct  Erth           16%        3d11*     8%          5
 Silence                  Hex/Air        16%        N/A       8%          5
 Death Channel            Necr           16%        N/A       38%         6
 Starburst                Conj/Fire      16%        6d6       38%         6
 Ozocubu's Refrigeration  Ice            16%        4d8       90%         7
 Storm Form               Tmut/Air       16%        N/A       90%         7
 Ignition                 Fire           16%        3d6       100%        8
 Lehudib's Crystal Spear  Conj/Erth      16%        10d5      100%        8
 Maxwell's Capacitive Co  Air            16%        ∞         100%        8


Dungeon Overview and Level Annotations

Branches:
Dungeon (15/15)            Temple (1/1) D:7            Lair (0/6) D:8
    Orc (0/2) D:9          Vaults (0/5) D:13         Depths (0/4) D:15
Ossuary (visited)

Altars:
Ashenzari
Cheibriados
Dithmenos
Elyvilon
Fedhas
Gozag
Hepliaklqana
Kikubaaqudgha
Makhleb
Nemelex Xobeh
Okawaru
Qazlal
Ru
Sif Muna
Trog
Uskayaw
Vehumet
Wu Jian
Xom
Yredelemnul
Zin
The Shining One

Shops:
D:1 (   D:5 :

Annotations:
D:14 Roxanne


Innate Abilities, Weirdness & Mutations

You have very sharp teeth.
Your uncanny sense of smell can sniff out nearby items.
Your experience applies equally to all skills.


Message History

You hit the skeletal warrior but do no damage.
The skeletal warrior is severely damaged.
The skeletal warrior hits you with a +1 dire flail!
You hit the skeletal warrior. You burn the skeletal warrior.
The skeletal warrior is severely damaged.
The skeletal warrior barely misses you.
You hit the skeletal warrior. You burn the skeletal warrior.
The skeletal warrior is severely damaged.
You block the skeletal warrior's attack.
You puncture the skeletal warrior! You burn the skeletal warrior.
Your bite misses the skeletal warrior.
The skeletal warrior is almost destroyed.
The skeletal warrior hits you with a +1 dire flail!
* * * LOW HITPOINT WARNING * * *
You hit the skeletal warrior. You burn the skeletal warrior.
Your bite misses the skeletal warrior.
The skeletal warrior is almost destroyed.
The skeletal warrior barely misses you.
You hit the skeletal warrior. You burn the skeletal warrior.
You destroy the skeletal warrior!
The Shining One accepts your kill.
You feel better.
You feel your power returning.
A skeletal warrior comes into view. It is wielding a +0 flail.
You hit the skeletal warrior but do no damage.
You bite the skeletal warrior, but do no damage.
The skeletal warrior hits you with a +0 flail!
* * * LOW HITPOINT WARNING * * *
The skeletal warrior closely misses you.
The skeletal warrior completely misses you.
You see here a +0 battleaxe.
The skeletal warrior completely misses you.
Casting: Summon Lightning Spire (mildly dangerous; 2% risk of failure)
Confirm with . or Enter, or press ? or * to list all spells.
An electric hum fills the air.
You block the skeletal warrior's attack.
The skeletal warrior hits you with a +0 flail!
* * * LOW HITPOINT WARNING * * *
Unknown command.
The skeletal warrior hits you with a +0 flail!!
You die...

#. #.#.......#..
#. #......######
#. #.####.......#
# #.
#...........## #
#. ########...## #
#)## #..## # #.##
#<.########
##.###########
#........##
##...8.z@...#
##.#####[##
#.#########.#
##.#####.## #..
#.###.....##...
...# ∆
####.........#####
##.#
......).........#
# #.
###########.....#
# # #.....# #
###.### # ... .


You could see a skeletal warrior (ally target) and a friendly lightning spire
(summoned).

Vanquished Creatures
  A very ugly thing (D:15)
  2 rakshasas
  2 boulder beetles
  A hydra (D:11)
  A vault guard (D:13)
  3 centaur warriors
  A two-headed ogre (D:11)
  A tengu warrior (D:14)
  A deep elf knight (D:15)
  2 skeletal warriors (D:15)
  A wizard (D:13)
  2 deep elf zephyrmancers (D:15)
  2 deep elf pyromancers (D:15)
  2 ugly things (D:12)
  3 manticores
  A wolf spider (D:13)
  A salamander (D:15)
  A manticore (shapeshifter) (D:15)
  4 cyclopes
  A salamander (shapeshifter) (D:13)
  A gargoyle (D:13)
  Joseph (D:8)
  Maggie (D:8)
  A rime drake (shapeshifter) (D:15)
  2 trolls
  2 hornets
  A dream sheep (shapeshifter) (D:13)
  9 slime creatures
  2 snapping turtles (D:10)
  2 shadows
  6 wraiths
  13 yaks
  A wyvern (D:5)
  A vampire (D:14)
  3 steam dragons
  A basilisk (D:14)
  3 vampire mosquitoes (D:11)
  5 acid dragons
  2 water moccasins
  2 ice beasts
  10 orc warriors
  A sky beast (D:8)
  2 black bears
  2 ogres
  9 centaurs
  Blork the orc (D:5)
  A kobold brigand (D:11)
  A bullfrog (D:8)
  2 gnoll sergeants
  5 scorpions
  A water moccasin zombie (D:5)
  2 water moccasin skeletons
  11 killer bees
  7 howler monkeys
  5 centaur zombies
  3 hounds
  11 orc priests
  A bullfrog skeleton (D:6)
  2 gnoll shamans
  Terence (D:3)
  Jessica (D:2)
  An iguana (D:4)
  14 orc wizards
  2 hound skeletons
  8 mummies (Ossuary)
  A howler monkey zombie (D:8)
  A howler monkey skeleton (D:6)
  An adder (D:5)
  21 gnolls
  A shadow imp (D:7)
  2 ufetubi
  An adder skeleton (D:4)
  A worm (D:4)
  A dart slug (D:2)
  61 orcs
  7 ball pythons
  6 bats
  10 endoplasms
  4 giant cockroaches
  2 gnoll zombies (Ossuary)
  5 hobgoblins
  5 jackals
  17 kobolds
  4 quokkas (D:6)
  2 frilled lizards
  11 goblins
  3 hobgoblin zombies (Ossuary)
  2 kobold zombies (Ossuary)
  An orc zombie (Ossuary)
  2 rats (D:2)
368 creatures vanquished.

Vanquished Creatures (others)
  5 plants (D:10)
5 creatures vanquished.

Grand Total: 373 creatures vanquished

Notes
Turn   | Place    | Note
-------+----------+-------------------------------------------
     0 | D:1      | Ablot the Gnoll Warper began the quest for the Orb.
     0 | D:1      | Reached XP level 1. HP: 20/20 MP: 6/6
   140 | D:1      | Reached XP level 2. HP: 18/26 MP: 7/7
   143 | D:1      | Learned a level 2 spell: Blink
   354 | D:1      | Found a faded altar of an unknown god.
   847 | D:1      | Found Dott's Antique Weapon Emporium.
  1046 | D:2      | Reached XP level 3. HP: 31/31 MP: 9/9
  1138 | D:2      | Noticed Jessica
  1141 | D:2      | Reached skill level 5 in Spellcasting
  1145 | D:2      | Killed Jessica
  1146 | D:2      | Reached skill level 1 in Short Blades
  1146 | D:2      | Reached skill level 1 in Long Blades
  1146 | D:2      | Reached skill level 1 in Axes
  1146 | D:2      | Reached skill level 1 in Maces & Flails
  1146 | D:2      | Reached skill level 1 in Staves
  1146 | D:2      | Reached skill level 1 in Slings
  1146 | D:2      | Reached skill level 1 in Bows
  1146 | D:2      | Reached skill level 1 in Crossbows
  1146 | D:2      | Reached skill level 1 in Stealth
  1146 | D:2      | Reached skill level 1 in Shields
  1146 | D:2      | Reached skill level 1 in Unarmed Combat
  1146 | D:2      | Reached skill level 1 in Invocations
  1146 | D:2      | Reached skill level 1 in Evocations
  1310 | D:2      | Learned a level 2 spell: Poisonous Vapours
  1331 | D:2      | Reached XP level 4. HP: 36/38 MP: 11/11
  1726 | D:3      | Noticed Terence
  1744 | D:3      | Killed Terence
  1745 | D:3      | Reached skill level 1 in Conjurations
  1745 | D:3      | Reached skill level 1 in Hexes
  1745 | D:3      | Reached skill level 1 in Summonings
  1745 | D:3      | Reached skill level 1 in Necromancy
  1745 | D:3      | Reached skill level 1 in Transmutations
  1745 | D:3      | Reached skill level 1 in Fire Magic
  1745 | D:3      | Reached skill level 1 in Ice Magic
  1745 | D:3      | Reached skill level 1 in Air Magic
  1745 | D:3      | Reached skill level 1 in Earth Magic
  1745 | D:3      | Reached skill level 1 in Poison Magic
  1817 | D:3      | Reached XP level 5. HP: 22/43 MP: 12/12
  3228 | D:4      | Reached XP level 6. HP: 45/50 MP: 13/13
  3682 | D:5      | Entered Level 5 of the Dungeon
  3755 | D:5      | Reached skill level 5 in Fighting
  3755 | D:5      | Reached skill level 5 in Polearms
  3755 | D:5      | Reached skill level 5 in Dodging
  3960 | D:5      | Reached XP level 7. HP: 51/56 MP: 15/15
  4117 | D:5      | Found Isotyoscha's Book Shop.
  4182 | D:5      | Noticed Blork the orc
  4186 | D:5      | Killed Blork the orc
  4809 | D:5      | Noticed a wyvern
  4814 | D:5      | Killed a wyvern
  4815 | D:5      | Reached XP level 8. HP: 57/63 MP: 16/16
  5355 | D:6      | Identified the +1 leather armour of Lybb {Will++ Str+8}
  5446 | D:6      | Reached XP level 9. HP: 40/69 MP: 18/18
  5531 | D:6      | Found a glowing drain.
  6655 | D:7      | Identified the +1 leather armour "Wius" {Rampage Will-
                  | Regen+ Int+2}
  6799 | D:7      | Reached skill level 5 in Throwing
  6799 | D:7      | Reached skill level 5 in Armour
  7725 | D:7      | Found a staircase to the Ecumenical Temple.
  7734 | Temple   | Entered the Ecumenical Temple
  7838 | Temple   | Became a worshipper of Elyvilon the Healer
  8041 | Temple   | Fell from the grace of Elyvilon
  8041 | Temple   | Became a worshipper of the Shining One
  8214 | D:8      | Reached skill level 5 in Invocations
  8233 | D:8      | HP: 3/71 [killer bee (8)]
  8309 | D:8      | Found a flagged portal.
  8425 | D:8      | Found a sand-covered staircase.
  8435 | Ossuary  | Entered an ossuary
  8583 | Ossuary  | Reached * piety under the Shining One
  8595 | Ossuary  | Learned a level 3 spell: Gell's Gravitas
  8959 | D:8      | Found a staircase to the Lair.
  8968 | D:8      | Noticed Maggie
  8974 | D:8      | Killed Maggie
  8975 | D:8      | Reached XP level 10. HP: 62/77 MP: 20/20
  9186 | D:8      | Noticed Joseph
  9198 | D:8      | Killed Joseph
  9199 | D:8      | Reached skill level 5 in Short Blades
  9199 | D:8      | Reached skill level 5 in Long Blades
  9199 | D:8      | Reached skill level 5 in Axes
  9199 | D:8      | Reached skill level 5 in Maces & Flails
  9199 | D:8      | Reached skill level 5 in Staves
  9199 | D:8      | Reached skill level 5 in Slings
  9199 | D:8      | Reached skill level 5 in Bows
  9199 | D:8      | Reached skill level 5 in Crossbows
  9199 | D:8      | Reached skill level 5 in Stealth
  9199 | D:8      | Reached skill level 5 in Shields
  9199 | D:8      | Reached skill level 5 in Unarmed Combat
  9199 | D:8      | Reached skill level 5 in Evocations
  9795 | D:9      | Found a sparkling altar of Nemelex Xobeh.
  9843 | D:9      | Reached ** piety under the Shining One
 10374 | D:9      | Found a staircase to the Orcish Mines.
 11337 | D:1      | Bought a transparent spear for 136 gold pieces
 11337 | D:1      | Identified the +9 spear of Parsimonious Duty {flame, *Rage
                  | Will+++ Int+3} (You bought it in a shop on level 1 of the
                  | Dungeon)
 11408 | D:3      | Learned a level 3 spell: Mephitic Cloud
 11412 | D:3      | Learned a level 3 spell: Ozocubu's Armour
 11415 | D:3      | Learned a level 2 spell: Passwall
 11540 | D:10     | Entered Level 10 of the Dungeon
 12012 | D:10     | Noticed a sea snake
 12052 | D:10     | Reached XP level 11. HP: 73/84 MP: 22/22
 12363 | D:10     | Paralysed by a hornet for 1 turns
 12606 | D:10     | Reached skill level 5 in Conjurations
 12606 | D:10     | Reached skill level 5 in Hexes
 12606 | D:10     | Reached skill level 5 in Summonings
 12606 | D:10     | Reached skill level 5 in Necromancy
 12606 | D:10     | Reached skill level 5 in Transmutations
 12606 | D:10     | Reached skill level 5 in Fire Magic
 12606 | D:10     | Reached skill level 5 in Ice Magic
 12606 | D:10     | Reached skill level 5 in Air Magic
 12606 | D:10     | Reached skill level 5 in Earth Magic
 12606 | D:10     | Reached skill level 5 in Poison Magic
 12968 | D:10     | Noticed a sea snake
 13040 | D:10     | Identified the amulet "Qois" {Acrobat rF+ rN+}
 13629 | D:11     | Learned a level 1 spell: Apportation
 13658 | D:11     | Reached *** piety under the Shining One
 13875 | D:11     | Noticed a two-headed ogre
 14084 | D:11     | Noticed a boulder beetle
 14093 | D:11     | Killed a two-headed ogre
 14135 | D:11     | Noticed a six-headed hydra
 14157 | D:11     | Killed a six-headed hydra
 14304 | D:11     | Killed a boulder beetle
 15033 | D:12     | Noticed a cyan ugly thing
 15047 | D:12     | Killed a red ugly thing
 15056 | D:12     | Noticed a brown ugly thing
 15068 | D:12     | Killed a brown ugly thing
 15069 | D:12     | Reached XP level 12. HP: 32/94 MP: 21/24
 15707 | D:12     | You fall into a shaft and drop 2 floors!
 15707 | D:14     | Noticed Roxanne
 16461 | D:12     | Learned a level 3 spell: Dazzling Flash
 16485 | D:12     | Noticed a boulder beetle
 16497 | D:12     | Killed a boulder beetle
 16759 | D:12     | Reached **** piety under the Shining One
 16945 | D:13     | Noticed a centaur warrior
 17663 | D:13     | Noticed a rakshasa
 17664 | D:13     | Found a gate to the Vaults.
 17664 | D:13     | Noticed a vault guard
 17665 | D:13     | Identified the +6 trident of Disaster {vorpal, SInv}
 17687 | D:13     | Killed a vault guard
 17733 | D:13     | HP: 4/94 [rakshasa/lance of force (18)]
 17813 | D:13     | HP: 4/94 [centaur/arrow[a centaur warrior] (10)]
 17817 | D:13     | Killed a centaur warrior
 18282 | D:13     | Learned a level 3 spell: Conjure Flame
 18681 | D:13     | Killed a rakshasa
 18994 | D:14     | Noticed a rakshasa
 19010 | D:14     | Noticed a centaur warrior
 19010 | D:14     | Noticed a centaur warrior
 19011 | D:14     | Noticed a centaur warrior
 19014 | D:14     | Killed a rakshasa
 19018 | D:14     | Killed a centaur warrior
 19222 | D:14     | Reached XP level 13. HP: 93/101 MP: 26/26
 19727 | D:15     | Entered Level 15 of the Dungeon
 19942 | D:15     | Noticed a purple very ugly thing
 19950 | D:15     | Killed a purple very ugly thing
 20891 | D:15     | Found a staircase to the Depths.
 20939 | D:15     | Learned a level 4 spell: Summon Lightning Spire
 21047 | D:15     | Mangled by a skeletal warrior

Illustrated notes

Levels and vault maps discovered:
D:1:      minmay_arrival_jagged, layout_loops_cross, serial_shops, shop,
          shapermc_ecumenical_altar_acropolis, minivault_27
D:2:      layout_rooms, uniq_jessica
D:3:      layout_loops_ring, uniq_terence
D:4:      layout_rooms
D:5:      layout_gridville, serial_shops, kennysheep_little_box,
          uniq_blork_the_orc
D:6:      layout_loops_ring, gup_sewer_entry_pipe, minmay_misc_feat_more_columns
D:7:      layout_loops_corners, lemuel_temple_firewalk_b
D:8:      layout_loops_ring, lair_entry_dummy,
          lightli_ossuary_entry_decrepit_ruins, enter_bailey_5, uniq_maggie,
          uniq_joseph
D:9:      layout_roguey, overflow_temple_1_default, hiddenorc2_lemuel
D:10:     minmay_weird_star, layout_basic, serial_aquarium,
          aquarium_bridge_square [aquarium_subvault_bridge,
          aquarium_subvault_wall, aquarium_subvault_bridge,
          aquarium_subvault_bridge], aquarium_bridge_square
          [aquarium_subvault_window, aquarium_subvault_bridge,
          aquarium_subvault_balcony, aquarium_subvault_wall],
          aquarium_window_fake, aquarium_window_fake, aquarium_window_1,
          aquarium_window_fake, aquarium_view_2a, aquarium_view_2c,
          aquarium_pool_2
D:11:     layout_roguey, minmay_puff
D:12:     layout_irregular_city
D:13:     layout_irregular_city, david_vaults_5, st_stairs_3
D:14:     layout_basic, serial_bayou_pond_e, minmay_fractal_squares_gapless_7,
          uniq_roxanne
D:15:     hangedman_depths_entry_try_elsewhere_first, layout_loops_ring,
          small_statue_alley_a
Temple:   dpeg_three_leaves_temple

Skill      XL: |  1  2  3  4  5  6  7  8  9 10 11 12 13 |
---------------+----------------------------------------+-----
Spellcasting   | 5 6 7 8 9 |  9.8
Short Blades   | 1 2 3 4 5 6 7 8 |  8.3
Long Blades    | 1 2 3 4 5 6 7 8 |  8.3
Axes           | 1 2 3 4 5 6 7 8 |  8.3
Maces & Flails | 1 2 3 4 5 6 7 8 |  8.3
Staves         | 1 2 3 4 5 6 7 8 |  8.3
Slings         | 1 2 3 4 5 6 7 8 |  8.3
Bows           | 1 2 3 4 5 6 7 8 |  8.3
Crossbows      | 1 2 3 4 5 6 7 8 |  8.3
Stealth        | 1 2 3 4 5 6 7 8 |  8.3
Shields        | 1 2 3 4 5 6 7 8 |  8.3
Unarmed Combat | 1 2 3 4 5 6 7 8 |  8.3
Invocations    | 1 2 3 4 5 6 7 8 9 |  9.1
Evocations     | 1 2 3 4 5 6 7 8 |  8.3
Conjurations   | 1 2 3 4 5 6 |  6.9
Hexes          | 1 2 3 4 5 6 |  6.9
Summonings     | 1 2 3 4 5 6 |  6.9
Necromancy     | 1 2 3 4 5 6 |  6.9
Transmutations | 1 2 3 4 5 6 |  6.9
Fire Magic     | 1 2 3 4 5 6 |  6.9
Ice Magic      | 1 2 3 4 5 6 |  6.9
Air Magic      | 1 2 3 4 5 6 |  6.9
Earth Magic    | 1 2 3 4 5 6 |  6.9
Poison Magic   | 1 2 3 4 5 6 |  6.9
Throwing       | 3 4 5 6 7 8 |  8.8
Armour         | 3 4 5 6 7 8 |  8.8
Fighting       | 5 6 7 8 9 |  9.6
Polearms       | 5 6 7 8 9 |  9.6
Dodging        | 5 6 7 8 9 |  9.6
Translocations | 6 7 8 |  8.9

Action                   |  1- 3 |  4- 6 |  7- 9 | 10-12 | 13-15 || total
-------------------------+-------+-------+-------+-------+-------++-------
Melee: Spear             |   101 |       |       |   438 |   135 ||   674
       Bite              |     9 |    11 |    18 |    82 |    15 ||   135
       Punch             |     2 |     5 |       |     3 |       ||    10
       Whip              |    11 |   103 |    29 |       |       ||   143
       Halberd           |       |    47 |   293 |   139 |       ||   479
Throw: Dart              |       |       |     5 |    21 |     4 ||    30
       Boomerang         |       |       |       |       |     2 ||     2
 Cast: Blink             |       |       |     2 |     1 |       ||     3
       Passwall          |       |       |       |     5 |       ||     5
       Ozocubu's Armour  |       |       |       |     7 |     3 ||    10
       Summon Lightning  |       |       |       |       |     2 ||     2
       Dazzling Flash    |       |       |       |       |     1 ||     1
Invok: Divine Shield     |       |       |       |     4 |       ||     4
  Use: Potion            |       |       |     5 |     7 |       ||    12
       Scroll            |       |       |       |    21 |     2 ||    23
 Stab: Sleeping          |     1 |     7 |     5 |       |       ||    13
       Distracted        |       |       |     1 |       |       ||     1
Armor: Leather armour    |    27 |    54 |   111 |   119 |    23 ||   334
Dodge: Dodged            |    54 |   108 |   192 |   251 |    44 ||   649
Block: Other             |       |       |       |     2 |       ||     2
       Buckler           |       |       |       |    60 |    14 ||    74
